 Dungeon Crawl Stone Soup version 0.28.0-55-gcd9437bce4 (webtiles) character file.

Game seed: 4261203036934003068

1349812 AarnesTheHuman the Slayer (level 27, 212/212 HPs)
             Began as a Gnoll Fighter on Dec 26, 2022.
             Was an Initiate of Gozag.
             Escaped with the Orb
             ... and 3 runes on Dec 29, 2022!
             The game lasted 06:17:59 (113949 turns).

AarnesTheHuman the Slayer (Gnoll Fighter)         Turns: 113949, Time: 06:17:59

Health: 212/212    AC: 33    Str: 31    XL:     27
Magic:  35/40      EV: 17    Int: 17    God:    Gozag
Gold:   2342       SH: 17    Dex: 14    Spells: 1/62 levels left

rFire   + + +      SeeInvis +   g - +8 broad axe (vamp)
rCold   + + +      Faith    .   d - +2 shield of Resistance {rF++ rC++ Will++}
rNeg    + . .      Spirit   +   m - +6 chain mail "Fiwaty" {Drain rPois rF+}
rPois   +          Reflect  .   (helmet restricted)
rElec   +          Harm     .   P - +2 cloak of Mental Paralysis {rPois Will+ Str+3}
rCorr   .          Rampage  .   j - +2 pair of gloves
Will    +++++                   y - +1 pair of boots "Baff" {rPois rN+ Str+4}
Stlth   ++........              S - amulet of Kumufaw {Spirit +Inv rPois Will+}
HPRegen 0.45/turn               k - ring of see invisible
MPRegen 0.27/turn               w - ring "Hozivuru" {rElec rPois rC+ Int+4}

@: gold aura, studying 4 skills
A: fangs 1, strong nose, distributed training, antennae 1, agile 1, frail 1, low
MP 1, poison resistance, wild magic 1
0: Orb of Zot
}: 3/15 runes: decaying, silver, gossamer
a: Renounce Religion, Evoke Invisibility, Potion Petition, Call Merchant, Bribe
Branch


You escaped.
You worshipped Gozag.
Gozag was most pleased with you.
You visited 11 branches of the dungeon, and saw 50 of its levels.
You also visited: Sewer, Gauntlet, Ice Cave and Desolation.

You collected 29655 gold pieces.
You spent 5099 gold pieces at shops.
You paid 22214 gold pieces to Gozag.

Inventory:

Hand Weapons
 a - the +7 captain's cutlass {speed, disarm}
   (You bought it in a shop on level 10 of the Dungeon)

   Attacks with this weapon are significantly faster.
   It may disarm weapon-wielding foes when striking them, dealing extra damage
   in the process.
 b - the +5 hunting sling of Zeczuenu {speed, Int+3}
   (You found it on level 2 of the Dungeon)

   Attacks with this weapon are significantly faster.
   Int:       It affects your intelligence (+3).
 g - a +8 vampiric broad axe (weapon)
 A - the +6 flail of Flawed Execution {speed, rN+}
   (You found it in a Gauntlet)

   Attacks with this weapon are significantly faster.
   rN:        It protects you from negative energy.
Missiles
 r - 197 sling bullets
 C - a throwing net (quivered)
Armour
 d - the +2 shield of Resistance (worn) {rF++ rC++ Will++}
   (You acquired it on level 5 of the Dungeon)

   rF:        It greatly protects you from fire.
   rC:        It greatly protects you from cold.
   Will:      It greatly increases your willpower.
 j - a +2 pair of gloves (worn)
 m - the +6 chain mail "Fiwaty" (worn) {Drain rPois rF+}
   (You bought it in a shop on level 1 of the Lair of Beasts)

   rF:        It protects you from fire.
   rPois:     It protects you from poison.
   Drain:     It drains your maximum health when unequipped.
 y - the +1 pair of boots "Baff" (worn) {rPois rN+ Str+4}
   (You bought it in a shop on level 10 of the Dungeon)

   Str:       It affects your strength (+4).
   rPois:     It protects you from poison.
   rN:        It protects you from negative energy.
 z - a +2 helmet of intelligence
 P - the +2 cloak of Mental Paralysis (worn) {rPois Will+ Str+3}
   (You bought it in a shop on level 8 of the Dungeon)

   Str:       It affects your strength (+3).
   rPois:     It protects you from poison.
   Will:      It increases your willpower.
Jewellery
 k - a ring of see invisible (left hand)
 w - the ring "Hozivuru" (right hand) {rElec rPois rC+ Int+4}
   (You bought it in a shop on level 2 of the Orcish Mines)

   [ring of protection from cold]

   Int:       It affects your intelligence (+4).
   rC:        It protects you from cold.
   rElec:     It insulates you from electricity.
   rPois:     It protects you from poison.
 J - a ring of positive energy
 S - the amulet of Kumufaw (around neck) {Spirit +Inv rPois Will+}
   (You bought it in a shop on level 2 of the Orcish Mines)

   [amulet of guardian spirit]

   It causes incoming damage to be divided between your reserves of health and
   magic.
   rPois:     It protects you from poison.
   +Inv:      It lets you turn invisible.
   Will:      It increases your willpower.
 Z - the ring "Tuippau" {rPois rCorr Int+3}
   (You found it on level 15 of the Dungeon)

   [ring of poison resistance]

   Int:       It affects your intelligence (+3).
   rPois:     It protects you from poison.
   rCorr:     It protects you from acid and corrosion.
Wands
 c - a wand of digging (32)
 h - a wand of iceblast (29)
 o - a wand of paralysis (27)
 t - a wand of mindburst (15)
 K - a wand of flame (67)
 U - a wand of acid (4)
 W - a wand of charming (20)
Scrolls
 e - 11 scrolls of blinking
 f - 4 scrolls of holy word
 l - 7 scrolls of fear
 p - 2 scrolls of magic mapping
 D - 18 scrolls of teleportation
 M - 9 scrolls of fog
 N - 4 scrolls of summoning
 T - 3 scrolls of silence
Potions
 q - 4 potions of magic
 s - 3 potions of resistance
 u - 9 potions of brilliance
 v - 8 potions of mutation
 x - 5 potions of might
 B - 8 potions of flight
 F - 3 potions of cancellation
 G - 12 potions of heal wounds
 H - 10 potions of ambrosia
 I - 2 potions of haste
 L - 4 potions of berserk rage
 Q - 15 potions of curing
 R - 2 potions of invisibility
 Y - 10 potions of lignification
Miscellaneous
 i - a condenser vane
 n - a lightning rod (4/4)
 O - a phial of floods
 V - a phantom mirror
 X - a tin of tremorstones (2/2)


   Skills:
 + Level 23.6 Fighting
 + Level 18.4 Short Blades
 + Level 18.4 Long Blades
 + Level 18.9 Axes
 + Level 18.4 Maces & Flails
 + Level 18.4 Polearms
 + Level 18.4 Staves
 + Level 18.4 Slings
 + Level 18.4 Bows
 + Level 18.4 Crossbows
 + Level 18.4 Throwing
 + Level 22.0 Armour
 + Level 18.4 Dodging
 + Level 18.4 Stealth
 + Level 19.3 Shields
 + Level 18.4 Unarmed Combat
 + Level 18.4 Spellcasting
 + Level 15.7 Conjurations
 + Level 15.7 Hexes
 + Level 15.7 Summonings
 + Level 15.7 Necromancy
 + Level 15.7 Translocations
 + Level 15.7 Transmutations
 + Level 16.4 Fire Magic
 + Level 15.7 Ice Magic
 + Level 15.7 Air Magic
 + Level 15.7 Earth Magic
 + Level 21.0 Poison Magic
 + Level 19.9 Invocations
 + Level 18.4 Evocations


You had one spell level left.
You knew the following spells:

 Your Spells              Type           Power      Damage    Failure   Level
a - Poisonous Vapours     Pois/Air       100%       N/A       1%          2
b - Sandblast             Erth           100%       2d20      1%          1
c - Olgreb's Toxic Radia  Pois           85%        N/A       1%          4
d - Passwall              Tmut/Erth      61%        N/A       1%          2
e - Stone Arrow           Conj/Erth      100%       3d13      1%          3
f - Mephitic Cloud        Conj/Pois/Air  78%        N/A       1%          3
g - Wereblood             Tmut           74%        N/A       1%          2
h - Hailstorm             Conj/Ice       74%        3d15      1%          4
i - Borgnjor's Vile Clut  Necr/Erth      37%        N/A       1%          5
j - Freezing Cloud        Conj/Ice/Air   37%        6-21      1%          5
k - Lee's Rapid Deconstr  Erth           37%        3d19*     1%          5
l - Ignite Poison         Fire/Tmut/Pois 78%        N/A       1%          3
m - Cause Fear            Hex            37%        N/A       1%          4
n - Frozen Ramparts       Ice            100%       1d12      1%          3
o - Iron Shot             Conj/Erth      37%        9d7       5%          6
p - Silence               Hex/Air        37%        N/A       1%          5
q - Passage of Golubria   Tloc           74%        N/A       1%          4

Your spell library contained the following spells:

 Spells                   Type           Power      Damage    Failure   Level
 Animate Skeleton         Necr           100%       N/A       1%          1
 Beastly Appendage        Tmut           100%       N/A       1%          1
 Foxfire                  Conj/Fire      100%       2x1d9     1%          1
 Freeze                   Ice            100%       1d11      1%          1
 Magic Dart               Conj           100%       1d8       1%          1
 Pain                     Necr           100%       1d9       1%          1
 Shock                    Conj/Air       100%       1d9       1%          1
 Slow                     Hex            100%       N/A       1%          1
 Sting                    Tmut/Pois      100%       1d8       1%          1
 Summon Small Mammal      Summ           100%       N/A       1%          1
 Call Imp                 Summ           74%        N/A       1%          2
 Corpse Rot               Necr/Air       100%       N/A       1%          2
 Scorch                   Fire           100%       2d10      1%          2
 Static Discharge         Conj/Air       74%        N/A       1%          2
 Sublimation of Blood     Necr           74%        N/A       1%          2
 Call Canine Familiar     Summ           74%        N/A       1%          3
 Confusing Touch          Hex            74%        N/A       1%          3
 Conjure Flame            Conj/Fire      75%        6-21      1%          3
 Dazzling Flash           Conj/Hex       100%       N/A       1%          3
 Inner Flame              Hex/Fire       75%        N/A       1%          3
 Spider Form              Tmut/Pois      80%        N/A       1%          3
 Summon Guardian Golem    Hex/Summ       74%        N/A       1%          3
 Tukima's Dance           Hex            74%        N/A       1%          3
 Vampiric Draining        Necr           74%        2d11      1%          3
 Anguish                  Hex/Necr       37%        N/A       1%          4
 Animate Armour           Summ/Erth      100%       N/A       1%          4
 Animate Dead             Necr           37%        N/A       1%          4
 Dispel Undead            Necr           74%        3d25      1%          4
 Flame Wave               Conj/Fire      75%        2d13      1%          4
 Fulminant Prism          Conj/Hex       37%        3d18      1%          4
 Ice Form                 Ice/Tmut       74%        N/A       1%          4
 Iskenderun's Mystic Bla  Conj/Tloc      74%        2d15      1%          4
 Sticky Flame             Conj/Fire      75%        2d9       1%          4
 Agony                    Necr           74%        N/A       1%          5
 Alistair's Intoxication  Tmut/Pois      53%        N/A       1%          5
 Blade Hands              Tmut           37%        N/A       1%          5
 Excruciating Wounds      Necr           37%        N/A       1%          5
 Fireball                 Conj/Fire      37%        3d15      1%          5
 Iskenderun's Battlesphe  Conj           74%        2d12      1%          5
 Metabolic Englaciation   Hex/Ice        37%        N/A       1%          5
 Summon Forest            Summ/Tloc      37%        N/A       1%          5
 Summon Mana Viper        Hex/Summ       74%        N/A       1%          5
 Yara's Violent Unravell  Hex/Tmut       37%        3d15      1%          5
 Eringya's Noxious Bog    Tmut/Pois      40%        N/A       2%          6
 Starburst                Conj/Fire      37%        6d11      4%          6
 Conjure Ball Lightning   Conj/Air       37%        3x3d12    5%          6
 Death Channel            Necr           37%        N/A       5%          6
 Simulacrum               Ice/Necr       37%        N/A       5%          6
 Summon Cactus Giant      Summ           37%        N/A       5%          6
 Dragon Form              Tmut           37%        N/A       24%         7
 Enfeeble                 Hex            37%        N/A       24%         7
 Haunt                    Necr/Summ      37%        N/A       24%         7
 Malign Gateway           Summ/Tloc      37%        N/A       24%         7
 Orb of Destruction       Conj           37%        9d11      24%         7
 Ozocubu's Refrigeration  Ice            37%        4d12      24%         7
 Spellforged Servitor     Conj/Summ      37%        N/A       24%         7
 Storm Form               Tmut/Air       37%        N/A       24%         7
 Summon Hydra             Summ           37%        N/A       24%         7
 Ignition                 Fire           37%        3d11      75%         8
 Infestation              Necr           37%        N/A       85%         8
 Lehudib's Crystal Spear  Conj/Erth      37%        10d9      85%         8


Dungeon Overview and Level Annotations

Branches:
Dungeon (15/15)            Temple (1/1) D:6            Lair (6/6) D:8
  Swamp (4/4) Lair:2       Spider (4/4) Lair:3        Slime (0/5) Lair:5
    Orc (2/2) D:10            Elf (3/3) Orc:2        Vaults (5/5) D:13
  Crypt (1/3) Vaults:3     Depths (4/4) D:15            Zot (5/5) Depths:4
  Sewer (visited)           IceCv (visited)         Desolation (visited)
Gauntlet (visited)

Altars:
Ashenzari
Cheibriados
Dithmenos
Elyvilon
Fedhas
Gozag
Hepliaklqana
Kikubaaqudgha
Makhleb
Nemelex Xobeh
Okawaru
Qazlal
Ru
Sif Muna
Trog
Uskayaw
Vehumet
Wu Jian
Xom
Yredelemnul
Zin
The Shining One
Jiyva
Lugonu

Shops:
D:6 *   D:8 [   D:10 [[*([(   Orc:2 **(=   Elf:1 !   Elf:2 (   Lair:1 [
Lair:6 *   Vaults:1 (***=![   Vaults:2 =[=*   Vaults:3 (   Zot:5 =
Depths:2 ((   Depths:3 =::   Depths:4 *

Portals:
Hell: Depths:1 Depths:2 Depths:3 Depths:4
Abyss: Vaults:4 Depths:3
Pandemonium: Orc:2 Depths:2
Ziggurat: Depths:1

Annotations:
D:7 exclusion: downstairs
Swamp:3 3 runed translucent doors, exclusion: 3 doors, Wosackon's ghost, adept MiBe
Elf:1 6 runed translucent doors, exclusion: 6 doors
Elf:2 2 transporters, exclusion: downstairs, kalagan's ghost, journeyman DECj
Vaults:1 3 runed translucent doors, exclusions: 3 doors and obsidian statue, AarnesTheHuman's ghost, adept GnFi
Vaults:2 2 transporters, exclusion: orange crystal statue, Angmar's ghost, veteran DrAE; Ukiefoc's ghost, adept DrFE
Vaults:4 2 transporters, exclusion: 2 downstairs, MackTheFife's ghost, veteran HOGl
Crypt:1 Boris
Depths:1 exclusion: 3 downstairs
Depths:2 1 transporter, exclusion: downstairs
Depths:3 exclusion: downstairs
Zot:1 exclusion: downstairs
Zot:2 2 runed translucent doors, exclusion: 2 doors, mistmaker's ghost, legendary TeAE
Zot:3 1 transporter, exclusions: downstairs and tentacled monstrosity


Innate Abilities, Weirdness & Mutations

You have very sharp teeth.
Your uncanny sense of smell can sniff out nearby items.
Your experience applies equally to all skills.
You have a pair of small antennae on your head.
You are agile. (Dex +2)
You are frail. (-10% HP)
Your magical capacity is low. (-10% MP)
Your system is resistant to poisons. (rPois)
Your spells are a little harder to cast, but a little more powerful.


Message History

There is an open door here.
Casting: Borgnjor's Vile Clutch (mildly dangerous; 1% risk of failure)
Confirm with . or Enter, or press ? or * to list all spells.
Aiming: Borgnjor's Vile Clutch (mildly dangerous; 1% risk of failure)
Press: ? - help, Shift-Dir - straight line, f - Orb Guardian
Aim: an Orb Guardian (100% to hit)
Zombie hands grab the Orb Guardian.
The zombie hands constrict the Orb Guardian.
The Orb Guardian closely misses you. You block the Orb Guardian's attack.
You hit the Orb Guardian.
The Orb Guardian is lightly wounded.
The zombie hands constrict the Orb Guardian.
The Orb Guardian hits you but does no damage.
You hit the Orb Guardian.
You bite the Orb Guardian, but do no damage.
The Orb Guardian is lightly wounded.
The zombie hands constrict the Orb Guardian.
You block the Orb Guardian's attack.
You hit the Orb Guardian.
The Orb Guardian is moderately wounded.
The zombie hands constrict the Orb Guardian.
The Orb Guardian hits you but does no damage.
You slash the Orb Guardian!
The Orb Guardian is heavily wounded.
The zombie hands constrict the Orb Guardian!
The Orb Guardian hits you.
You slice the Orb Guardian!!
The Orb Guardian is severely wounded.
The zombie hands constrict the Orb Guardian.
The Orb Guardian hits you!
You hit the Orb Guardian but do no damage.
The Orb Guardian is severely wounded.
The zombie hands constrict the Orb Guardian!
The zombie hands release their grip on the Orb Guardian.
The Orb Guardian hits you but does no damage.
You slice the Orb Guardian!!
You feel better.
You kill the Orb Guardian!
You close the door, pushing everything out of the way.
There is a staircase leading out of the dungeon here.
You have escaped!

###### #. #....# #. #....######
#. #.........#### #.
#.....###....### #. ###.####
####...## #. #...#.#
##.......####.
#####.###.###∆.####..#...#
########.....+..@..+.............
#......#.#######.#######.........
#......#.#.............#...).....
#......#.####.#####.####.........
#......).# ##.#####.##....#......
#.......####.........#....#######
#.........######.######.###
#..>....#.+...........'.#
#.......########.######.#


There were no monsters in sight!

Vanquished Creatures
  3 dread liches
  6 ancient liches
  2 orbs of fire
  2 juggernauts (Depths:3)
  Sojobo (Vaults:3)
  Margery (Vaults:2)
  Saint Roka (Vaults:2)
  Xtahua (Vaults:3)
  4 Killer Klowns (Zot:5)
  11 golden dragons
  the Enchantress (Depths:3)
  Nikola (Swamp:2)
  Arachne (Spider:2)
  2 hellephants (Depths:1)
  2 electric golems (Zot:5)
  10 tentacled monstrosities
  5 titans
  Mlioglotl (Swamp:2)
  A lich (Vaults:5)
  2 deep elf master archers (Elf:3)
  22 Orb Guardians
  3 quicksilver dragons
  3 deep elf blademasters
  2 tentacled starspawn (Vaults:4)
  2 Executioners
  3 death cobs
  5 shadow dragons
  A thorn hunter (Swamp:3)
  10 sphinxes
  11 tengu reavers
  Donald (Swamp:3)
  13 storm dragons
  The ghost of Lyniq the Alchemist, a journeyman DrTm of Wu Jian (D:15)
  6 draconian monks
  A fenstrider witch (Swamp:2)
  3 draconian knights
  9 emperor scorpions
  9 fire giants
  2 orc warlords
  7 ghost moths
  Louise (D:14)
  6 frost giants
  15 vault wardens
  5 deep elf sorcerers
  3 draconian scorchers
  5 draconian stormcallers
  2 iron dragons
  Aizul (Vaults:3)
  An imperial myrmidon (Desolation)
  18 ironbound preservers
  2 draconian shifters (Zot:3)
  6 deep elf elementalists (Elf:3)
  2 war gargoyles
  2 draconian annihilators
  3 spriggan defenders (Depths:3)
  18 very ugly things
  6 ironbound thunderhulks
  4 broodmothers
  15 stone giants
  4 vampire knights
  9 eleionomae
  7 deep elf annihilators
  8 yellow draconians
  13 deep elf demonologists
  4 halazid warlocks (Desolation)
  13 entropy weavers
  6 purple draconians
  3 bunyips
  6 red draconians
  7 white draconians
  A minotaur (Gauntlet)
  6 dire elephants
  7 black draconians
  3 spark wasps
  An entropy weaver (shapeshifter) (Vaults:4)
  8 deep elf death magi
  9 ettins
  2 crystal guardians
  Josephine (D:11)
  3 deep elf high priests
  7 fire dragons
  10 ragged hierophants (Desolation)
  3 shambling mangroves
  4 great orbs of eyes
  5 yaktaur captains
  8 servants of whispers (Desolation)
  2 rakshasas
  4 ice dragons
  14 peacekeepers
  A ghost crab (Lair:2)
  2 jorogumos
  42 vault guards
  3 spriggan air magi
  29 hydras
  4 boulder beetles
  4 ogre magi
  A demonspawn (Orc:2)
  7 ironbound frosthearts
  3 catoblepae
  2 radroaches (shapeshifter)
  17 centaur warriors
  2 anacondas (Lair:5)
  8 two-headed ogres
  2 radroaches (Spider:4)
  9 alligators
  4 deep troll shamans
  9 deep troll earth magi
  6 tengu warriors
  A vampire mage (Depths:3)
  18 death yaks
  5 orc high priests
  7 hell hogs (Depths:1)
  15 deep elf knights
  10 spriggan berserkers
  A storm dragon zombie (Crypt:1)
  Sonja (Orc:1)
  14 hell knights
  A sun demon (Depths:2)
  A sixfirhy (Depths:2)
  10 skeletal warriors
  2 sun moths
  8 iron trolls
  9 pharaoh ants
  A shadow wraith (Vaults:3)
  3 spriggan druids
  6 glowing orange brains
  A goliath frog (shapeshifter) (Depths:3)
  4 goliath frogs
  48 deep trolls
  4 steelbarb worms
  10 orb spiders
  A glowing orange brain (shapeshifter) (Depths:3)
  13 swamp dragons
  A sea snake (shapeshifter) (Elf:3)
  15 deep elf archers
  28 ironbound convokers
  9 wizards
  6 bog bodies
  9 phantasmal warriors
  22 lindwurms
  3 harpies (Vaults:3)
  26 deep elf pyromancers
  A sphinx zombie (Vaults:4)
  7 necromancers
  10 orc knights
  26 deep elf zephyrmancers
  17 wolf spiders
  48 ugly things
  7 cyclopes
  4 manticores
  17 moths of wrath
  7 orc sorcerers
  6 will-o-the-wisps
  6 elephants
  A black mamba (shapeshifter) (Elf:3)
  A moth of wrath (shapeshifter) (Depths:3)
  2 stone giant skeletons
  An ice statue (IceCv)
  2 tengu skeletons
  An eye of devastation (D:15)
  4 human skeletons
  6 black mambas
  2 guardian serpents (Desolation)
  22 cane toads
  16 vault sentinels
  3 molten gargoyles (Desolation)
  4 smoke demons
  2 orange demons
  A gargoyle (D:11)
  A hellion (Depths:2)
  10 rime drakes
  6 torpor snails
  4 centaur skeletons (D:13)
  A tormentor (D:15)
  5 komodo dragons
  An unseen horror (D:12)
  7 demonic crawlers
  2 kobold demonologists (D:12)
  2 freezing wraiths
  3 tengu conjurers
  35 yaktaurs
  2 elf skeletons (Vaults:3)
  A guardian mummy (D:14)
  4 ice devils
  A spriggan skeleton (Depths:2)
  A hellwing (Depths:2)
  13 meliai
  A red devil (Orc:2)
  3 trolls
  A yaktaur skeleton (Vaults:3)
  A meliai (shapeshifter) (D:14)
  70 saltlings (Desolation)
  2 bloated husks (Swamp:1)
  4 polar bears
  19 hornets
  27 tarantellas
  A deep troll zombie (Vaults:4)
  9 tyrant leeches
  43 blink frogs
  46 slime creatures
  A raiju (shapeshifter) (D:13)
  2 dream sheep (Lair:6)
  A frost giant simulacrum (Vaults:4)
  A jumping spider (shapeshifter) (Depths:1)
  15 spriggans
  38 jumping spiders
  A shadow (D:11)
  11 wraiths
  55 yaks
  28 culicivoras
  2 air elementals
  9 water elementals
  16 wyverns
  4 fire bats (Lair:2)
  3 ettin skeletons (Vaults:3)
  6 basilisks
  2 fire elementals (Elf:1)
  2 neqoxecs (Depths:2)
  A human (shapeshifter) (Elf:3)
  82 redbacks
  11 vampire mosquitoes
  4 steam dragons
  15 swamp worms
  6 wargs
  2 acid dragons
  13 water moccasins
  A floating eye (shapeshifter) (Elf:3)
  38 orc warriors
  A sky beast (D:7)
  A hornet zombie (D:14)
  An ice beast (D:5)
  6 swamp drakes
  13 black bears
  3 human zombies (Vaults:4)
  A necrophage (D:6)
  15 ogres
  47 wolves
  11 centaurs
  A boggart (Vaults:3)
  A phantom (D:4)
  4 kobold brigands
  3 gnoll sergeants
  24 bullfrogs
  3 earth elementals
  A scorpion (Lair:5)
  A wyvern zombie (D:8)
  A polar bear zombie (Crypt:1)
  4 howler monkeys
  9 electric eels
  A bullfrog zombie (D:5)
  8 centaur zombies
  3 jellies
  3 hounds
  A gnoll shaman (D:7)
  23 orc priests
  Jessica (D:2)
  3 iguanas
  22 orc wizards
  A killer bee zombie (D:6)
  A mummy (D:14)
  2 howler monkey zombies
  Robin (D:1)
  A howler monkey skeleton (D:7)
  32 gnolls
  7 river rats (Sewer)
  11 adders
  3 shadow imps
  A white imp (D:6)
  An ufetubus (D:7)
  2 dart slugs
  79 orcs
  10 ball pythons
  13 bats
  8 endoplasms
  7 hobgoblins
  4 jackals (D:1)
  17 kobolds
  A quokka (D:5)
  4 frilled lizards
  20 goblins
  29 rats
  2 starspawn tentacles (Vaults:4)
2326 creatures vanquished.

Vanquished Creatures (collateral kills)
  A Killer Klown (Zot:5)
  An electric golem (Zot:2)
  2 tentacled monstrosities (Zot:2)
  2 Orb Guardians (Zot:5)
  A death cob (Zot:5)
  2 storm dragons (Zot:2)
  3 draconian monks (Zot:1)
  2 draconian knights (Zot:2)
  A draconian annihilator (Zot:1)
  3 draconian shifters
  2 ghost moths
  A draconian stormcaller (Zot:2)
  A green draconian (Zot:2)
  2 red draconians (Zot:1)
  2 black draconians
  3 yellow draconians (Zot:1)
  A purple draconian (Zot:2)
  2 white draconians (Zot:2)
  A large abomination (D:3)
  An orc sorcerer (Orc:1)
  6 moths of wrath
  A hellion (D:9)
  2 rime drakes (IceCv)
  A polar bear (IceCv)
  2 yaks (IceCv)
  4 orc warriors (Orc:1)
  A small abomination (D:15)
  An orc wizard (Orc:1)
  2 orcs (Orc:1)
54 creatures vanquished.

Vanquished Creatures (others)
  A dread lich (Zot:5)
  An orb of fire (Zot:5)
  An ancient lich (Zot:5)
  A golden dragon (Zot:5)
  A Brimstone Fiend (D:1)
  4 Orb Guardians (Zot:5)
  A draconian knight (Zot:1)
  A draconian scorcher (Zot:2)
  A green draconian (Zot:3)
  A white draconian (Zot:1)
  A red draconian (Zot:4)
  2 purple draconians
  A yellow draconian (Zot:1)
  A ragged hierophant (Desolation)
  32 dancing weapons
  A spriggan druid (Swamp:2)
  A deep elf pyromancer (Elf:3)
  A deep elf zephyrmancer (Elf:1)
  A smoke demon (D:15)
  A guardian serpent (Desolation)
  A polar bear (IceCv)
  2 saltlings (Desolation)
  3 yaks (IceCv)
  2 vampire mosquitoes (Swamp:1)
  An orc warrior (D:15)
  2 wolves (IceCv)
  A centaur (D:13)
  A kobold (D:9)
  40 foxfires
  66 fungi
  196 plants
  2 starspawn tentacles (Vaults:4)
  4 toadstools (Depths:4)
  11 withered plants
387 creatures vanquished.

Grand Total: 2767 creatures vanquished

Notes
Turn   | Place    | Note
-------+----------+-------------------------------------------
     0 | D:1      | AarnesTheHuman the Gnoll Fighter began the quest for the
                  | Orb.
     0 | D:1      | Reached XP level 1. HP: 23/23 MP: 1/1
    67 | D:1      | Reached XP level 2. HP: 26/29 MP: 2/2
   189 | D:1      | Found a faded altar of an unknown god.
   235 | D:1      | Reached XP level 3. HP: 35/35 MP: 3/3
   692 | D:1      | Reached skill level 1 in Invocations
   872 | D:2      | Reached skill level 1 in Short Blades
   872 | D:2      | Reached skill level 1 in Long Blades
   872 | D:2      | Reached skill level 1 in Maces & Flails
   872 | D:2      | Reached skill level 1 in Polearms
   872 | D:2      | Reached skill level 1 in Staves
   872 | D:2      | Reached skill level 1 in Slings
   872 | D:2      | Reached skill level 1 in Bows
   872 | D:2      | Reached skill level 1 in Crossbows
   872 | D:2      | Reached skill level 1 in Throwing
   872 | D:2      | Reached skill level 1 in Dodging
   872 | D:2      | Reached skill level 1 in Stealth
   872 | D:2      | Reached skill level 1 in Unarmed Combat
   872 | D:2      | Reached skill level 1 in Spellcasting
   872 | D:2      | Reached skill level 1 in Evocations
   882 | D:2      | Noticed Jessica
  1005 | D:2      | Killed Jessica
  1006 | D:2      | Reached XP level 4. HP: 39/41 MP: 5/5
  1162 | D:2      | Reached skill level 1 in Conjurations
  1162 | D:2      | Reached skill level 1 in Hexes
  1162 | D:2      | Reached skill level 1 in Summonings
  1162 | D:2      | Reached skill level 1 in Necromancy
  1162 | D:2      | Reached skill level 1 in Translocations
  1162 | D:2      | Reached skill level 1 in Transmutations
  1162 | D:2      | Reached skill level 1 in Fire Magic
  1162 | D:2      | Reached skill level 1 in Ice Magic
  1162 | D:2      | Reached skill level 1 in Air Magic
  1162 | D:2      | Reached skill level 1 in Earth Magic
  1162 | D:2      | Reached skill level 1 in Poison Magic
  1329 | D:2      | Noticed Robin
  1366 | D:1      | Killed Robin
  1367 | D:1      | Reached XP level 5. HP: 44/47 MP: 6/6
  1568 | D:2      | Identified the +5 hunting sling of Zeczuenu {speed, Int+3}
  2132 | D:3      | Noticed an orc warrior
  2177 | D:3      | Killed an orc warrior
  2178 | D:3      | Reached XP level 6. HP: 35/53 MP: 8/8
  2940 | D:4      | Reached skill level 5 in Axes
  3541 | D:5      | Entered Level 5 of the Dungeon
  3673 | D:5      | Reached XP level 7. HP: 57/59 MP: 10/10
  3701 | D:5      | Reached skill level 7 in Fighting
  3824 | D:5      | Reached XP level 8. HP: 41/67 MP: 12/12
  3875 | D:5      | Found a glowing drain.
  3879 | Sewer    | Entered a sewer
  4839 | D:5      | Identified a scroll of acquirement
  4839 | D:5      | Acquired the +2 shield of Resistance {rF++ rC++ Will++}
  4839 | D:5      | Found the +2 shield of Resistance {rF++ rC++ Will++}
  5192 | D:6      | Found Zoxtis's Elemental Accessories.
  5429 | D:6      | Noticed a yak
  5435 | D:6      | Killed a yak
  5441 | D:6      | Found a staircase to the Ecumenical Temple.
  5441 | D:6      | Noticed a yak
  5509 | D:6      | Killed a yak
  5648 | D:6      | Noticed a yak
  5661 | D:6      | Killed a yak
  5662 | D:6      | Reached XP level 9. HP: 57/73 MP: 14/14
  6455 | Temple   | Entered the Ecumenical Temple
  6618 | Temple   | Became a worshipper of Gozag Ym Sagoz the Greedy
  6924 | D:7      | Reached skill level 8 in Fighting
  7052 | D:7      | Reached skill level 5 in Invocations
  7428 | D:8      | Noticed a hornet
  7621 | D:8      | Reached XP level 10. HP: 73/80 MP: 17/17
  7770 | D:8      | Reached skill level 5 in Short Blades
  7770 | D:8      | Reached skill level 5 in Long Blades
  7770 | D:8      | Reached skill level 5 in Maces & Flails
  7770 | D:8      | Reached skill level 5 in Polearms
  7770 | D:8      | Reached skill level 5 in Staves
  7770 | D:8      | Reached skill level 5 in Slings
  7770 | D:8      | Reached skill level 5 in Bows
  7770 | D:8      | Reached skill level 5 in Crossbows
  7770 | D:8      | Reached skill level 5 in Throwing
  7770 | D:8      | Reached skill level 5 in Dodging
  7770 | D:8      | Reached skill level 5 in Stealth
  7770 | D:8      | Reached skill level 5 in Unarmed Combat
  7770 | D:8      | Reached skill level 5 in Spellcasting
  7770 | D:8      | Reached skill level 5 in Evocations
  7922 | D:8      | Found a staircase to the Lair.
  7939 | D:8      | Paralysed by a hornet for 3 turns
  8390 | D:8      | Found a sacrificial altar of Ru.
  8740 | D:8      | Identified the +0 robe of the Trout {rPois Str+9 Dex+4}
  9291 | Lair:1   | Entered Level 1 of the Lair of Beasts
  9905 | Lair:1   | Reached skill level 5 in Poison Magic
  9905 | Lair:1   | Reached XP level 11. HP: 76/87 MP: 19/19
 10392 | Lair:1   | Reached skill level 9 in Fighting
 10583 | Lair:1   | Reached skill level 5 in Conjurations
 10583 | Lair:1   | Reached skill level 5 in Hexes
 10583 | Lair:1   | Reached skill level 5 in Summonings
 10583 | Lair:1   | Reached skill level 5 in Necromancy
 10583 | Lair:1   | Reached skill level 5 in Translocations
 10583 | Lair:1   | Reached skill level 5 in Transmutations
 10583 | Lair:1   | Reached skill level 5 in Fire Magic
 10583 | Lair:1   | Reached skill level 5 in Ice Magic
 10583 | Lair:1   | Reached skill level 5 in Air Magic
 10583 | Lair:1   | Reached skill level 5 in Earth Magic
 12510 | Lair:2   | Noticed a six-headed hydra
 12820 | Lair:2   | Noticed a four-headed hydra
 12838 | Lair:2   | Killed a four-headed hydra
 14154 | Lair:2   | Noticed a bog body
 14162 | Lair:2   | Killed a bog body
 14163 | Lair:2   | Reached XP level 12. HP: 94/96 MP: 22/22
 14306 | Lair:2   | Found a staircase to the Swamp.
 14678 | Lair:2   | Killed a six-headed hydra
 15836 | Lair:2   | HP: 3/97 [elephant (13)]
 16831 | Lair:1   | Bought a spiked chain mail for 256 gold pieces
 16831 | Lair:1   | Identified the +6 chain mail "Fiwaty" {Drain rPois rF+}
                  | (You bought it in a shop on level 1 of the Lair of Beasts)
 16846 | Lair:1   | Learned a level 2 spell: Poisonous Vapours
 17594 | Lair:2   | Reached skill level 10 in Fighting
 17594 | Lair:2   | Reached skill level 10 in Armour
 17594 | Lair:2   | Reached skill level 10 in Shields
 17776 | Lair:2   | Found a basalt altar of Yredelemnul.
 18857 | Lair:3   | Found a hole to the Spider Nest.
 18989 | Lair:3   | Noticed a death yak
 18990 | Lair:3   | Noticed a death yak
 19065 | Lair:2   | Killed a death yak
 19213 | Lair:3   | Noticed a death yak
 19214 | Lair:3   | Noticed a death yak
 19215 | Lair:3   | Noticed a death yak
 19288 | Lair:2   | Killed a death yak
 19466 | Lair:2   | Killed a death yak
 19467 | Lair:2   | Reached XP level 13. HP: 42/103 MP: 24/24
 23214 | Lair:4   | Learned a level 1 spell: Sandblast
 25331 | Lair:5   | Found a staircase to the Slime Pits.
 25331 | Lair:5   | Found a viscous altar of Jiyva.
 27120 | Lair:5   | Reached skill level 11 in Fighting
 27120 | Lair:5   | Reached skill level 10 in Axes
 27120 | Lair:5   | Reached XP level 14. HP: 76/113 MP: 26/26
 28080 | Lair:6   | Entered Level 6 of the Lair of Beasts
 28226 | Lair:6   | Found a frozen archway.
 28353 | IceCv    | Entered an ice cave
 28543 | IceCv    | Reached skill level 10 in Invocations
 28604 | IceCv    | Learned a level 4 spell: Olgreb's Toxic Radiance
 28607 | IceCv    | Learned a level 2 spell: Passwall
 28784 | IceCv    | Noticed a frost giant
 28837 | IceCv    | Killed a frost giant
 30026 | IceCv    | Reached skill level 10 in Poison Magic
 32503 | Lair:6   | Reached XP level 15. HP: 109/120 MP: 28/28
 33748 | Lair:6   | Reached skill level 12 in Fighting
 33748 | Lair:6   | Reached skill level 10 in Short Blades
 33748 | Lair:6   | Reached skill level 10 in Long Blades
 33748 | Lair:6   | Reached skill level 10 in Maces & Flails
 33748 | Lair:6   | Reached skill level 10 in Polearms
 33748 | Lair:6   | Reached skill level 10 in Staves
 33748 | Lair:6   | Reached skill level 10 in Slings
 33748 | Lair:6   | Reached skill level 10 in Bows
 33748 | Lair:6   | Reached skill level 10 in Crossbows
 33748 | Lair:6   | Reached skill level 10 in Throwing
 33748 | Lair:6   | Reached skill level 10 in Dodging
 33748 | Lair:6   | Reached skill level 10 in Stealth
 33748 | Lair:6   | Reached skill level 10 in Unarmed Combat
 33748 | Lair:6   | Reached skill level 10 in Spellcasting
 33748 | Lair:6   | Reached skill level 10 in Evocations
 33748 | Lair:6   | Reached XP level 16. HP: 127/127 MP: 28/30
 35071 | D:10     | Entered Level 10 of the Dungeon
 35117 | D:10     | Identified the +1 ice dragon scales of the Echidna {rF-
                  | rC++ Will- Dex+3 Stlth+}
 35250 | D:10     | Found a staircase to the Orcish Mines.
 35634 | D:10     | Learned a level 3 spell: Stone Arrow
 36167 | D:11     | Noticed Josephine
 36179 | D:11     | Killed Josephine
 37179 | Orc:1    | Entered Level 1 of the Orcish Mines
 37429 | Orc:1    | Noticed Sonja
 37434 | Orc:1    | Killed Sonja
 37952 | Orc:2    | Entered Level 2 of the Orcish Mines
 38473 | Orc:2    | Found Qasy's General Store.
 38594 | Orc:2    | Found Wiorphoe's General Store.
 40780 | Orc:2    | Found Idicrom's Antique Weapon Boutique.
 40780 | Orc:2    | Found Buskedoi's Jewellery Shop.
 40787 | Orc:2    | Found a one-way gate leading to the halls of Pandemonium.
 40792 | Orc:2    | Bought the amulet of Kumufaw {Spirit +Inv rPois Will+} for
                  | 591 gold pieces
 41038 | Orc:2    | Found a staircase to the Elven Halls.
 41478 | Orc:2    | Bought the ring "Hozivuru" {rElec rPois rC+ Int+4} for 567
                  | gold pieces
 41481 | Orc:2    | Acquired 549 gold pieces
 41622 | D:10     | Bought a glowing hand crossbow for 156 gold pieces
 42436 | D:12     | Got the Catalogue of the Puffin
 43690 | D:13     | Reached XP level 17. HP: 134/135 MP: 31/31
 44010 | D:13     | Found a gate to the Vaults.
 44581 | D:10     | Bought a +0 pair of boots of rampaging for 161 gold pieces
 44597 | D:10     | Bought the +7 captain's cutlass {speed, disarm} for 1188
                  | gold pieces
 44597 | D:10     | Found the +7 captain's cutlass {speed, disarm}
 46915 | D:14     | Noticed Louise
 46949 | D:14     | Killed Louise
 47103 | D:14     | Reached skill level 13 in Fighting
 47819 | D:15     | Entered Level 15 of the Dungeon
 48099 | D:15     | Found a runed translucent gate.
 48099 | D:15     | Found a runed translucent gate.
 48099 | D:15     | Found a runed translucent gate.
 48102 | D:15     | Noticed Lyniq's ghost (journeyman DrTm)
 48105 | D:15     | Found a viscous altar of Jiyva.
 48221 | D:15     | Found a gate leading to a gauntlet.
 48231 | Gauntlet | Entered a Gauntlet
 48231 | Gauntlet | Found a transporter.
 48231 | Gauntlet | Found a transporter.
 48530 | Gauntlet | Found a transporter.
 48533 | Gauntlet | Found a transporter.
 48544 | Gauntlet | Found a transporter.
 48565 | Gauntlet | Found a transporter.
 48587 | Gauntlet | Found a transporter.
 48605 | Gauntlet | Found a transporter.
 48613 | Gauntlet | Found a transporter.
 48630 | Gauntlet | Found a transporter.
 48667 | Gauntlet | Found a transporter.
 48686 | Gauntlet | Found a transporter.
 48704 | Gauntlet | Learned a level 3 spell: Mephitic Cloud
 48707 | Gauntlet | Learned a level 2 spell: Wereblood
 49031 | Gauntlet | Got the Grimoire of Fetching Combat Magic
 49284 | Gauntlet | Identified the +8 broad axe of Kaus Weck {freeze, *Rage
                  | +Blink rPois}
 49318 | Gauntlet | Identified the +5 shortbow of Ocrus {flame, Will- rCorr
                  | Str+3 Stlth+}
 49335 | Gauntlet | Identified the +6 flail of Flawed Execution {speed, rN+}
 49338 | Gauntlet | Got the Reference Book on Shape Shifting
 49806 | D:15     | Found a staircase to the Depths.
 50300 | D:15     | Killed Lyniq's ghost
 50422 | D:15     | Identified the ring "Tuippau" {rPois rCorr Int+3}
 50648 | Swamp:1  | Entered Level 1 of the Swamp
 51095 | Lair:2   | Reached XP level 18. HP: 132/144 MP: 33/33
 51979 | Spider:1 | Entered Level 1 of the Spider Nest
 52310 | Spider:1 | Reached skill level 10 in Conjurations
 52310 | Spider:1 | Reached skill level 10 in Hexes
 52310 | Spider:1 | Reached skill level 10 in Summonings
 52310 | Spider:1 | Reached skill level 10 in Necromancy
 52310 | Spider:1 | Reached skill level 10 in Translocations
 52310 | Spider:1 | Reached skill level 10 in Transmutations
 52310 | Spider:1 | Reached skill level 10 in Fire Magic
 52310 | Spider:1 | Reached skill level 10 in Ice Magic
 52310 | Spider:1 | Reached skill level 10 in Air Magic
 52310 | Spider:1 | Reached skill level 10 in Earth Magic
 54187 | Spider:1 | Reached skill level 14 in Fighting
 55129 | Spider:2 | Identified the +0 buckler of Polish {+Blink rC+}
 55264 | Spider:2 | Noticed Arachne
 55308 | Spider:2 | Killed Arachne
 55912 | Spider:2 | Learned a level 4 spell: Hailstorm
 55918 | Spider:2 | Learned a level 5 spell: Borgnjor's Vile Clutch
 58666 | Spider:4 | Entered Level 4 of the Spider Nest
 58696 | Spider:4 | Reached XP level 19. HP: 109/145 MP: 14/35
 58837 | Spider:3 | Learned a level 5 spell: Freezing Cloud
 59903 | D:8      | Bought the +2 cloak of Mental Paralysis {rPois Will+ Str+3}
                  | for 714 gold pieces
 60133 | Spider:4 | Gained mutation: You occasionally shout uncontrollably at
                  | your foes. [mutagenic glow]
 60134 | Spider:4 | Reached skill level 15 in Fighting
 62856 | Spider:4 | Got a gossamer rune of Zot
 63678 | D:10     | Bought a +2 pair of boots of flying for 301 gold pieces
 65013 | Swamp:2  | Identified the +9 scale mail of Idealism {rC- rCorr Int-4
                  | Dex+7}
 65426 | Swamp:2  | Found an ornate altar of the Wu Jian Council.
 65537 | Swamp:2  | Noticed Nikola
 65553 | Swamp:2  | Killed Nikola
 66019 | Swamp:3  | Noticed Mlioglotl
 66125 | Swamp:2  | Killed Mlioglotl
 66512 | Swamp:3  | Noticed Donald
 66526 | Swamp:3  | Killed Donald
 66712 | Swamp:3  | Reached XP level 20. HP: 164/164 MP: 23/37
 67078 | Swamp:3  | Found a runed translucent gate.
 67078 | Swamp:3  | Found a runed translucent gate.
 67078 | Swamp:3  | Found a runed translucent gate.
 67080 | Swamp:3  | Noticed Wosackon's ghost (adept MiBe)
 67094 | Swamp:4  | Entered Level 4 of the Swamp
 67284 | Swamp:4  | Reached skill level 16 in Fighting
 67627 | Swamp:4  | Reached skill level 15 in Poison Magic
 68831 | Swamp:4  | Got a decaying rune of Zot
 69833 | Elf:1    | Entered Level 1 of the Elven Halls
 70096 | Elf:1    | Found Bed Foedav's Distillery.
 70197 | Elf:1    | Found a crumbling gateway.
 70212 | Elf:1    | Learned a level 5 spell: Lee's Rapid Deconstruction
 70215 | Desolati | Entered the Desolation of Salt
 70322 | Desolati | Reached skill level 15 in Armour
 70322 | Desolati | Reached skill level 15 in Shields
 70929 | Desolati | Identified the +4 arbalest "Luwuofre" {vorpal, Will+ Int+5}
 71125 | Desolati | Got the Volume of Air and the Arsonist
 72010 | Desolati | Reached skill level 15 in Invocations
 72038 | Desolati | Identified the +8 scimitar of Trauma {vorpal, MP-9 Str+2
                  | Int+2}
 72557 | Desolati | Reached skill level 17 in Fighting
 72567 | Desolati | Reached XP level 21. HP: 167/168 MP: 13/38
 72737 | Desolati | Got Guod's Tome of Companions and Hexes
 72793 | Desolati | Identified the amulet "Tailol" {Spirit Harm Rampage
                  | *Corrode Dex+5}
 72939 | Desolati | Identified the ring of Vazauwo {Ice Dex+3}
 72942 | Desolati | Identified the ring of Biteras {*Corrode MP+9 Str+6 SInv}
 73023 | Desolati | Identified the ring of the Peasants {rF+ Str+3 Stlth+}
 73026 | Desolati | Identified the +1 glaive "Killer Bee's Regret" {vorpal,
                  | Str+10}
 73202 | Desolati | Got the Grimoire of Altruism
 73206 | Desolati | Got the Catalogue of Attacks
 73210 | Desolati | Got the Guide on Dark Contamination
 73574 | Elf:1    | Got the Tome of Creation
 74777 | Elf:1    | Found a runed translucent gate.
 74777 | Elf:1    | Found a runed translucent gate.
 74777 | Elf:1    | Found a runed translucent gate.
 74777 | Elf:1    | Found a runed translucent gate.
 74777 | Elf:1    | Found a runed translucent gate.
 74778 | Elf:1    | Found a runed translucent gate.
 74920 | Elf:1    | Bought a potion of cancellation for 104 gold pieces
 75069 | Elf:2    | Learned a level 3 spell: Ignite Poison
 75074 | Elf:2    | Learned a level 4 spell: Cause Fear
 75340 | Elf:2    | Found Vitiptue's Antique Weapon Emporium.
 75530 | Elf:2    | Found a transporter.
 75534 | Elf:2    | Noticed kalagan's ghost (journeyman DECj)
 75831 | Elf:2    | Found a transporter.
 75904 | Elf:2    | Identified the +0 hunting sling of Defence {vorpal, rCorr}
 75933 | Elf:2    | Found a runed translucent gate.
 76314 | Elf:2    | Found a runed translucent gate.
 76318 | Elf:2    | Found a runed translucent gate.
 76520 | Elf:2    | Reached skill level 15 in Axes
 77485 | Elf:3    | Entered Level 3 of the Elven Halls
 78765 | Elf:3    | Reached skill level 18 in Fighting
 79063 | Elf:3    | Reached XP level 22. HP: 174/184 MP: 20/40
 79856 | Elf:3    | Identified the +6 trident "Iciror" {venom, Int+4 Dex+3
                  | SInv}
 79856 | Elf:3    | Identified the ring "Qykhleru" {rC++ EV+4 Str+3}
 79868 | Elf:3    | Identified the ring of the Jackalope {Fire +Blink Str-2
                  | Int+4}
 80327 | Elf:3    | Identified the +3 leather armour "Vosij" {rC+ Will+}
 80460 | Elf:3    | Learned a level 3 spell: Frozen Ramparts
 80842 | D:10     | Bought a pair of distressingly furry boots for 313 gold
                  | pieces
 80842 | D:10     | Identified the +1 pair of boots "Baff" {rPois rN+ Str+4}
                  | (You bought it in a shop on level 10 of the Dungeon)
 81405 | Vaults:1 | Entered Level 1 of the Vaults
 81655 | Vaults:1 | Found Nuigg's Antique Armour Emporium.
 81721 | Vaults:1 | Found Pisyffo's Jewellery Emporium.
 81724 | Vaults:1 | Found Yhuh's Distillery.
 82470 | Vaults:1 | Found Suam's Antique Weapon Shoppe.
 82491 | Vaults:1 | Found Miruluss's General Store.
 82621 | Vaults:1 | Found a runed translucent gate.
 82621 | Vaults:1 | Found a runed translucent gate.
 82621 | Vaults:1 | Found a runed translucent gate.
 82621 | Vaults:1 | Found an opulent altar of Gozag.
 82622 | Vaults:1 | Found Ekezih's Assorted Antiques.
 82623 | Vaults:1 | Found Atiobupa's Assorted Antiques.
 82623 | Vaults:1 | Noticed AarnesTheHuman's ghost (adept GnFi)
 82737 | Vaults:1 | Reached skill level 15 in Short Blades
 82737 | Vaults:1 | Reached skill level 15 in Long Blades
 82737 | Vaults:1 | Reached skill level 15 in Maces & Flails
 82737 | Vaults:1 | Reached skill level 15 in Polearms
 82737 | Vaults:1 | Reached skill level 15 in Staves
 82737 | Vaults:1 | Reached skill level 15 in Slings
 82737 | Vaults:1 | Reached skill level 15 in Bows
 82737 | Vaults:1 | Reached skill level 15 in Crossbows
 82737 | Vaults:1 | Reached skill level 15 in Throwing
 82737 | Vaults:1 | Reached skill level 15 in Dodging
 82737 | Vaults:1 | Reached skill level 15 in Stealth
 82737 | Vaults:1 | Reached skill level 15 in Unarmed Combat
 82737 | Vaults:1 | Reached skill level 15 in Spellcasting
 82737 | Vaults:1 | Reached skill level 15 in Evocations
 83920 | Vaults:2 | Noticed Margery
 84145 | Vaults:2 | Killed Margery
 84217 | Vaults:2 | Noticed Saint Roka
 84240 | Vaults:2 | Killed Saint Roka
 84614 | Vaults:2 | Found a transporter.
 84617 | Vaults:2 | Noticed Ukiefoc's ghost (adept DrFE)
 84628 | Vaults:2 | Found the dreamshard necklace {*Dream Drain}
 84629 | Vaults:2 | Noticed Angmar's ghost (veteran DrAE)
 84631 | Vaults:2 | Noticed an ancient lich
 84637 | Vaults:2 | Found a transporter.
 84940 | Vaults:2 | Reached skill level 19 in Fighting
 85106 | Vaults:2 | Found Saubol's Jewellery Boutique.
 85128 | Vaults:2 | Found Zoih's Antique Armour Boutique.
 85140 | Vaults:2 | Found Duuk's Jewellery Boutique.
 85167 | Vaults:2 | Reached XP level 23. HP: 176/194 MP: 26/42
 85574 | Vaults:2 | Found Tiont's General Store.
 85796 | Vaults:3 | Found Simuid Puask's Weapon Shop.
 86282 | Vaults:3 | Noticed Xtahua
 86291 | Vaults:3 | Killed Xtahua
 86383 | Vaults:3 | Identified the +10 hand axe "Vupauror" {flame, Str+3}
 86751 | Vaults:3 | Found a staircase to the Crypt.
 87156 | Vaults:3 | Noticed Aizul
 87176 | Vaults:3 | Killed Aizul
 87220 | Vaults:3 | Noticed Sojobo
 87239 | Vaults:3 | Paralysed by an air elemental for 1 turns
 87252 | Vaults:3 | Killed Sojobo
 87554 | Vaults:3 | Noticed an ancient lich
 87580 | Vaults:3 | Killed an ancient lich
 87602 | Vaults:3 | Found the +8 glaive of the Guard {elec, spectral, AC+5}
 88756 | Vaults:4 | Reached skill level 20 in Fighting
 88890 | Vaults:4 | Reached XP level 24. HP: 195/204 MP: 29/42
 89117 | Vaults:4 | Found a one-way gate to the infinite horrors of the Abyss.
 89117 | Vaults:4 | Noticed MackTheFife's ghost (veteran HOGl)
 90063 | Vaults:4 | Found a transporter.
 90072 | Vaults:4 | Found a transporter.
 90082 | Vaults:4 | Identified the ring "Komerch" {rPois rN+ Dex+4}
 91217 | D:10     | Bought a crude chain mail for 304 gold pieces
 91217 | D:10     | Identified the +2 chain mail "Biusmeph" {rElec} (You bought
                  | it in a shop on level 10 of the Dungeon)
 91217 | D:10     | Bought a pitted chain mail for 304 gold pieces
 91217 | D:10     | Identified the +0 chain mail "Puewope" {rF+ rCorr MP-9}
                  | (You bought it in a shop on level 10 of the Dungeon)
 91402 | Depths:1 | Entered Level 1 of the Depths
 91402 | Depths:1 | Found a one-way gateway to a ziggurat.
 93008 | Depths:1 | Found a gateway to Hell.
 93294 | Depths:2 | Found an iron altar of Okawaru.
 93490 | Depths:2 | Found Ateuha's Antique Weapon Shop.
 93555 | Depths:2 | Found a transporter.
 94072 | Depths:2 | Found Qihopp's Antique Weapon Emporium.
 94234 | Depths:2 | Identified the +3 trident of Spite {vorpal, rF+ Int+8
                  | Dex+5}
 94337 | Depths:2 | Noticed a juggernaut
 94560 | Depths:2 | Gained mutation: You sometimes lose the ability to read
                  | scrolls when taking damage. [a neqoxec]
 95248 | Elf:1    | Lost mutation: You occasionally shout uncontrollably at
                  | your foes. [potion of mutation]
 95248 | Elf:1    | Lost mutation: You sometimes lose the ability to read
                  | scrolls when taking damage. [potion of mutation]
 95248 | Elf:1    | Gained mutation: Your body sometimes deteriorates upon
                  | taking damage. [potion of mutation]
 95248 | Elf:1    | Gained mutation: You sometimes lose the ability to read
                  | scrolls when taking damage. [potion of mutation]
 95248 | Elf:1    | Gained mutation: Your system is resistant to poisons.
                  | (rPois) [potion of mutation]
 95249 | Elf:1    | Lost mutation: You sometimes lose the ability to read
                  | scrolls when taking damage. [potion of mutation]
 95249 | Elf:1    | Lost mutation: Your body sometimes deteriorates upon taking
                  | damage. [potion of mutation]
 95249 | Elf:1    | Gained mutation: Your flesh is heat resistant. (rF+)
                  | [potion of mutation]
 95249 | Elf:1    | Gained mutation: Your body sometimes deteriorates upon
                  | taking damage. [potion of mutation]
 95249 | Elf:1    | Gained mutation: You possess an exceptional clarity of
                  | mind. [potion of mutation]
 95676 | Depths:3 | You fall into a shaft and drop 1 floor!
 95676 | Depths:4 | Entered Level 4 of the Depths
 96332 | Depths:3 | Found a snail-covered altar of Cheibriados.
 96429 | Depths:3 | Found Ussir's Jewellery Shop.
 96429 | Depths:3 | Found Uriar's Book Emporium.
 96430 | Depths:3 | Found Warueshru's Book Emporium.
 96450 | Depths:3 | Learned a level 6 spell: Iron Shot
 96501 | Depths:3 | Found a corrupted altar of Lugonu.
 96712 | Depths:3 | Noticed the Enchantress
 96718 | Depths:3 | Killed the Enchantress
 96719 | Depths:3 | Reached skill level 21 in Fighting
 96719 | Depths:3 | Reached XP level 25. HP: 187/214 MP: 24/43
 97084 | Depths:3 | Noticed a juggernaut
 97111 | Depths:3 | Killed a juggernaut
 97111 | Depths:3 | Noticed a juggernaut
 97133 | Depths:3 | Killed a juggernaut
 97322 | Depths:3 | Identified the +7 glaive of Dull Duty {pain, MP+9 Int+2
                  | SInv}
 97853 | Depths:4 | Identified the +8 great sword of Fedhas's Generosity
                  | {spect, rF+ rN+ Str+5}
 97979 | Depths:4 | Found Seus's Hallowed Reliquary.
 97982 | Depths:4 | Found a glowing golden altar of the Shining One.
 98356 | Depths:4 | Found a hide-covered altar of Uskayaw.
 98635 | Depths:4 | Found a gate to the Realm of Zot.
 99122 | D:10     | Learned a level 5 spell: Silence
 99346 | Vaults:5 | Entered Level 5 of the Vaults
 99761 | Vaults:5 | Noticed an ancient lich
 99768 | Vaults:5 | Killed an ancient lich
 99787 | Vaults:5 | Identified the ring of Guludwei {rPois MP+9 Str+2}
 99987 | Vaults:5 | Noticed a dread lich
100107 | Vaults:4 | Killed a dread lich
100150 | Vaults:5 | Reached XP level 26. HP: 208/224 MP: 19/44
100416 | Vaults:5 | Reached skill level 22 in Fighting
100423 | Vaults:5 | Identified the ring "Radyfovi" {rF++ rC+ MP+9 Str-4 Dex+6}
100892 | Vaults:5 | Noticed a dread lich
100912 | Vaults:4 | Killed a dread lich
101447 | Vaults:5 | Identified the ring of Xarotipt {rCorr Dex+2}
102012 | Vaults:5 | Identified the ring of Ahuleyde {Fly AC+4 Int-4 Dex+9}
102448 | Vaults:5 | Identified the +1 chain mail of Inviolability {rElec rPois}
102467 | Vaults:5 | Got a silver rune of Zot
102715 | Vaults:5 | Identified the +6 scimitar of the Depths {vamp, Int+3}
102894 | Vaults:5 | Got the Volume of Twisted Summoning
102898 | Vaults:5 | Identified the +7 shortbow "Neusheamnu" {venom, Dex+3}
103503 | Zot:1    | Entered Level 1 of the Realm of Zot
103531 | Zot:1    | Identified the +5 scale mail "Mualaq" {rCorr Dex+8 Stlth-}
103817 | Zot:1    | Reached skill level 15 in Fire Magic
103856 | Zot:1    | Identified the +0 cloak of Lom Zyor {Int+4}
104448 | Zot:2    | Reached skill level 15 in Conjurations
104448 | Zot:2    | Reached skill level 15 in Hexes
104448 | Zot:2    | Reached skill level 15 in Summonings
104448 | Zot:2    | Reached skill level 15 in Necromancy
104448 | Zot:2    | Reached skill level 15 in Translocations
104448 | Zot:2    | Reached skill level 15 in Transmutations
104448 | Zot:2    | Reached skill level 15 in Ice Magic
104448 | Zot:2    | Reached skill level 15 in Air Magic
104448 | Zot:2    | Reached skill level 15 in Earth Magic
104571 | Zot:2    | Found a large runed translucent door.
104572 | Zot:2    | Found a large runed translucent door.
104591 | Zot:2    | Noticed mistmaker's ghost (legendary TeAE)
105353 | Zot:3    | Found a transporter.
105414 | Zot:3    | Identified the +7 great mace of the Tired Suns {freeze, rC-
                  | rN++ Will+ SInv}
106001 | Zot:3    | Identified the +3 leather armour "Castupre" {Fly Str+4}
107673 | Zot:4    | Reached XP level 27. HP: 217/233 MP: 31/44
108403 | Zot:5    | Entered Level 5 of the Realm of Zot
108627 | Zot:5    | Reached skill level 23 in Fighting
108857 | Zot:5    | Noticed an ancient lich
108857 | Zot:5    | Noticed an orb of fire
108861 | Zot:5    | Noticed an ancient lich
108861 | Zot:5    | Killed a dread lich
108862 | Zot:5    | Noticed an orb of fire
108865 | Zot:5    | Gained mutation: You sometimes lose the ability to read
                  | scrolls when taking damage. [an orb of fire]
108865 | Zot:5    | Noticed an ancient lich
108876 | Zot:5    | Noticed an ancient lich
108878 | Zot:5    | Gained mutation: Your spells are a little easier to cast,
                  | but a little less powerful. [an orb of fire]
108881 | Zot:5    | Killed an orb of fire
109064 | Zot:5    | Killed an ancient lich
109064 | Zot:5    | Noticed an orb of fire
109065 | Zot:5    | Gained mutation: You are frail. (-10% HP) [an orb of fire]
109066 | Zot:5    | Gained mutation: Your magical capacity is low. (-10% MP)
                  | [an orb of fire]
109085 | Zot:4    | Gained mutation: Your body often deteriorates upon taking
                  | damage. [an orb of fire]
109091 | Zot:4    | Lost mutation: You possess an exceptional clarity of mind.
                  | [an orb of fire]
109099 | Zot:4    | Gained mutation: You are very frail. (-20% HP) [an orb of
                  | fire]
109115 | Zot:4    | Killed an orb of fire
109397 | D:15     | Lost mutation: Your body often deteriorates upon taking
                  | damage. [potion of mutation]
109397 | D:15     | Lost mutation: Your flesh is heat resistant. (rF+) [potion
                  | of mutation]
109397 | D:15     | Lost mutation: You sometimes lose the ability to read
                  | scrolls when taking damage. [potion of mutation]
109404 | D:15     | Lost mutation: You are very frail. (-20% HP) [potion of
                  | mutation]
109404 | D:15     | Lost mutation: Your spells are a little easier to cast, but
                  | a little less powerful. [potion of mutation]
109404 | D:15     | Lost mutation: Your body sometimes deteriorates upon taking
                  | damage. [potion of mutation]
109404 | D:15     | Gained mutation: You are agile. (Dex +2) [potion of
                  | mutation]
109404 | D:15     | Gained mutation: Your spells are a little harder to cast,
                  | but a little more powerful. [potion of mutation]
109404 | D:15     | Gained mutation: You have a pair of small antennae on your
                  | head. [potion of mutation]
109680 | Zot:5    | Noticed a dread lich
109691 | Zot:5    | Killed an ancient lich
109697 | Zot:5    | Killed a dread lich
109720 | Zot:5    | Noticed an ancient lich
109725 | Zot:5    | Killed an ancient lich
109730 | Zot:5    | Killed an ancient lich
110685 | Zot:4    | Learned a level 4 spell: Passage of Golubria
111474 | Zot:5    | Identified the +10 scale mail of Relativism {Str+2 Int+5
                  | Stlth+}
112531 | Vaults:1 | Bought a potion of haste for 140 gold pieces
112673 | Crypt:1  | Entered Level 1 of the Crypt
112743 | Crypt:1  | Noticed Boris
113310 | Zot:5    | Got the Orb of Zot
113370 | Zot:2    | Noticed a seraph
113372 | Zot:2    | Identified the +5 tower shield of Parts Unknown {rPois rN+
                  | Int-5}
113592 | D:15     | Noticed Habin the pandemonium lord
113870 | D:3      | Noticed Fonn the pandemonium lord
113924 | D:1      | Noticed Oqumeirenao the pandemonium lord
113949 | D:$      | Escaped with the Orb!

Illustrated notes

Levels and vault maps discovered:
D:1:      shiori_shiawase, layout_basic, ebering_ecumenical_altar_petrified
D:2:      layout_basic, serial_bayou_pond_a, due_unseen_surprise, uniq_robin,
          uniq_jessica
D:3:      layout_basic
D:4:      layout_rooms
D:5:      layout_basic, portal_sewer_entry_e
D:6:      layout_basic, minmay_temple_entry_glass, nicolae_elemental_shop
D:7:      layout_rooms
D:8:      layout_loops_corners, nicolae_ru_great_annihilating_truth,
          minmay_lair_entry_grove, minmay_manual_mares
D:9:      layout_cross
D:10:     layout_basic, david_orc_3
D:11:     layout_loops_corners, uniq_josephine
D:12:     layout_basic, grunt_decor_one_mirror
D:13:     layout_basic, hangedman_vaults_entry_quadrant_bands
D:14:     nzn_winding_woodlands_medium [nzn_winding_woodlands_hourglass,
          nzn_winding_woodlands_5x15_river_crossing,
          nzn_winding_woodlands_5x5_open_star,
          nzn_winding_woodlands_5x5_perimeter,
          nzn_winding_woodlands_center_diamonds,
          nzn_winding_woodlands_5x5_cross,
          nzn_winding_woodlands_5x5_closed_star,
          nzn_winding_woodlands_5x15_sawtooth,
          nzn_winding_woodlands_5x5_default], layout_irregular_city,
          serial_undead, serial_undead_f, serial_undead_c, serial_undead_e,
          serial_undead_d, kennysheep_decorative_pillar, uniq_louise
D:15:     grunt_enter_depths_snipers, layout_rooms, gauntlet_entry_generic,
          gammafunk_ghost_ooze, skrybe_limestone_x
Temple:   kilobyte_greek_temple
Lair:1:   layout_misc_corridors, serial_bayou_shore_a
Lair:2:   layout_gridlike, nicolae_swamp_entry_splash_gauntlet, basic_altar,
          beast_lair_carwin_7
Lair:3:   layout_hall_layers, hellmonk_spider_entry_life_and_decay
Lair:4:   layout_cave_pods, beast_lair_carwin_10, grunt_megastairs_5,
          lemuel_fruit_fields, infiniplex_staircase_pool
Lair:5:   cheibrodos_lair_river_kwai, layout_hall_layers, slime_altar_1,
          nicolae_lair_lakeside_cave
Lair:6:   minmay_lair_end_frog_pond, layout_layer_cave,
          portal_ice_cave_demonic_guard, chequers_serial_rivers_micro_c,
          chequers_serial_rivers_small_a
Swamp:1:  layout_falls_marsh, evilmike_swamp_ruin_house_1, swamp_pool2
Swamp:2:  layout_basic_swamp, nicolae_swamp_godswood, uniq_nikola
Swamp:3:  layout_falls_marsh, gammafunk_ghost_hydra_chop,
          evilmike_swamp_ruin_house_2, swamp_pool2, uniq_mlioglotl, uniq_donald
Swamp:4:  swamp_alternative, layout_basic_swamp
Spider:1: layout_spider_delve
Spider:2: layout_chambers, nicolae_spider_moth_buddies, uniq_arachne
Spider:3: layout_spider_delve
Spider:4: grunt_spider_rune_circles, nicolae_spider_nooks_and_crannies
Orc:1:    layout_diamond_mine, uniq_sonja
Orc:2:    pf_orc_diabolical, layout_caves
Elf:1:    eino_elf_arrival_the_gate, layout_gridlike,
          portal_desolation_entry_garden, serial_shops, shop, orc_legates,
          minmay_elf_demonology
Elf:2:    nicolae_elf_blades_splatter_lattice
          [nicolae_blade_entry_sentries_behind_glass], layout_gridlike,
          serial_shops, nicolae_shop_overgrown_old_shop,
          gammafunk_ghost_berserking_beasts
Elf:3:    minmay_elf_hall_x, layout_gridlike, nicolae_elf_shapeshifter_party
Vaults:1: ebering_ghost_gozag, hangedman_vaults_maws, vaults_room_guarded_vault,
          hangedman_vaults_stagger, vaults_mumra_lcd, ontoclasm_vaults_fault,
          hangedman_vaults_stream, ontoclasm_vaults_misaligned, v_misc_30,
          v_rooms_5, grunt_vaults_hallway_short, v_misc_33,
          layout_vaults_maze_bifur, serial_shops, shop_statue,
          nicolae_shop_advertising_works [nicolae_subvault_shop_adworks], shop,
          shop, nicolae_shop_statue_plus
Vaults:2: nzn_ghost_randoct, v_misc_25, hangedman_vaults_hard_town_square,
          nicolae_vaults_asterisk, vaults_room_pools, ontoclasm_vaults_eye,
          vaults_room_door_ring, vaults_room_grid, dpeg_vaults_monster_box,
          nicolae_vaults_asterisk, vaults_dpeg_ring, layout_vaults_quadrants,
          serial_shops, nicolae_shop_waterfront, uniq_saint_roka, uniq_margery
Vaults:3: nicolae_vaults_specimen_jars, vaults_dpeg_cross,
          nicolae_vaults_hallways_thing, vaults_room_stairs_pillars,
          minmay_crypt_entry_skeletal_spiral,
          minmay_guarded_unrand_guard_vaults, nicolae_vaults_network_quincunx
          [nicolae_vaults_network_quincunx_subvault,
          nicolae_vaults_network_quincunx_subvault,
          nicolae_vaults_network_quincunx_subvault,
          nicolae_vaults_network_quincunx_subvault,
          nicolae_vaults_network_quincunx_subvault], grunt_vaults_twisty,
          vaults_room_grunt_arrival_ludios, ontoclasm_vaults_ring_square,
          nicolae_vaults_asterisk, layout_vaults_omnicross, serial_shops,
          nicolae_shop_bloodbath_and_beyond, uniq_sojobo, uniq_xtahua,
          uniq_aizul
Vaults:4: gammafunk_ghost_abyssal_escape, nicolae_vaults_little_squares_5,
          vaults_mumra_chevron, v_misc_4, hangedman_vaults_trim,
          nicolae_vaults_holding_cells, vaults_standard_mumra_x, v_misc_1,
          ontoclasm_vaults_tryst, layout_vaults_big_room
Vaults:5
Crypt:1:  layout_misc_corridors, grunt_megastairs_2, uniq_boris
Depths:1: layout_long_grid, enter_ziggurat_a,
          hangedman_abyss_or_decor_jellyfish_corner, grunt_hell_horde,
          kennysheep_two_boxes, serial_bayou_shore_b
Depths:2: emtedronai_trogs_sanctum, layout_gridlike, serial_bayou,
          serial_bayou_pond_a, serial_bayou_pond_c, serial_bayou_shore_b,
          serial_bayou_pond_c, grunt_pan_entry_in_and_out, okawaru_trees_1,
          hell_entry, serial_shops, kennysheep_mini, serial_bayou_pond_a,
          serial_bayou_ford_a, nicolae_stop_n_shop_1
Depths:3: minmay_stepped, layout_cave_shapes, amcnicky_mini_pool_small,
          abyss_entry_flame_altar, hell_entry, cheibriados_altar_2,
          minmay_shop_grove, grunt_megastairs_1,
          minmay_staircase_windowed_large, uniq_enchantress
Depths:4: grunt_zot_entry_tricorne, layout_cave_shapes, hangedman_coc_ice_floe,
          nicolae_uskayaw_dance_hall, minmay_gold_behind_fungi,
          nicolae_good_shop
Zot:1:    layout_basic
Zot:2:    layout_basic, ebering_ghost_disaster_area
Zot:3:    gammafunk_dig_for_victory, layout_gridlike
Zot:4:    layout_onion
Zot:5:    layout_cellular_growth

Skill      XL: |  1  2  3  4  5  6  7  8  9 10 11 12 13 14 15 16 17 18 19 20 21 22 23 24 25 26 27 |
---------------+----------------------------------------------------------------------------------+-----
Invocations    | 1 2 3 4 5 6 7 8 9 10 11 12 13 14 15 16 17 18 19 | 19.9
Short Blades   | 1 2 3 4 5 6 7 8 9 10 11 12 13 14 15 16 17 18 | 18.4
Long Blades    | 1 2 3 4 5 6 7 8 9 10 11 12 13 14 15 16 17 18 | 18.4
Maces & Flails | 1 2 3 4 5 6 7 8 9 10 11 12 13 14 15 16 17 18 | 18.4
Polearms       | 1 2 3 4 5 6 7 8 9 10 11 12 13 14 15 16 17 18 | 18.4
Staves         | 1 2 3 4 5 6 7 8 9 10 11 12 13 14 15 16 17 18 | 18.4
Slings         | 1 2 3 4 5 6 7 8 9 10 11 12 13 14 15 16 17 18 | 18.4
Bows           | 1 2 3 4 5 6 7 8 9 10 11 12 13 14 15 16 17 18 | 18.4
Crossbows      | 1 2 3 4 5 6 7 8 9 10 11 12 13 14 15 16 17 18 | 18.4
Throwing       | 1 2 3 4 5 6 7 8 9 10 11 12 13 14 15 16 17 18 | 18.4
Dodging        | 1 2 3 4 5 6 7 8 9 10 11 12 13 14 15 16 17 18 | 18.4
Stealth        | 1 2 3 4 5 6 7 8 9 10 11 12 13 14 15 16 17 18 | 18.4
Unarmed Combat | 1 2 3 4 5 6 7 8 9 10 11 12 13 14 15 16 17 18 | 18.4
Spellcasting   | 1 2 3 4 5 6 7 8 9 10 11 12 13 14 15 16 17 18 | 18.4
Evocations     | 1 2 3 4 5 6 7 8 9 10 11 12 13 14 15 16 17 18 | 18.4
Conjurations   | 1 2 3 4 5 6 7 8 9 10 11 12 13 14 15 | 15.7
Hexes          | 1 2 3 4 5 6 7 8 9 10 11 12 13 14 15 | 15.7
Summonings     | 1 2 3 4 5 6 7 8 9 10 11 12 13 14 15 | 15.7
Necromancy     | 1 2 3 4 5 6 7 8 9 10 11 12 13 14 15 | 15.7
Translocations | 1 2 3 4 5 6 7 8 9 10 11 12 13 14 15 | 15.7
Transmutations | 1 2 3 4 5 6 7 8 9 10 11 12 13 14 15 | 15.7
Fire Magic     | 1 2 3 4 5 6 7 8 9 10 11 12 13 14 15 16 | 16.4
Ice Magic      | 1 2 3 4 5 6 7 8 9 10 11 12 13 14 15 | 15.7
Air Magic      | 1 2 3 4 5 6 7 8 9 10 11 12 13 14 15 | 15.7
Earth Magic    | 1 2 3 4 5 6 7 8 9 10 11 12 13 14 15 | 15.7
Poison Magic   | 1 2 3 5 6 8 9 10 11 13 14 15 16 17 18 19 20 21 | 21.0
Axes           | 5 6 7 8 9 10 11 12 13 14 15 16 17 18 | 18.9
Fighting       | 7 8 9 10 11 12 13 14 15 17 18 19 20 21 22 23 | 23.6
Armour         | 7 8 9 10 11 12 13 14 15 16 18 19 20 21 22 | 22.0
Shields        | 7 8 9 10 11 12 13 14 15 16 17 18 19 | 19.3

Action                   |  1- 3 |  4- 6 |  7- 9 | 10-12 | 13-15 | 16-18 | 19-21 | 22-24 | 25-27 || total
-------------------------+-------+-------+-------+-------+-------+-------+-------+-------+-------++-------
Melee: War axe           |   107 |    31 |       |       |       |       |       |       |       ||   138
       Bite              |     5 |     7 |    39 |   140 |   206 |   430 |   271 |   316 |   268 ||  1682
       Dagger            |       |    68 |   334 |   883 |   910 |       |       |       |       ||  2195
       Spear             |       |       |       |    36 |   171 |       |       |       |       ||   207
       Long sword        |       |       |       |       |   234 |  1001 |       |       |       ||  1235
       Trident           |       |       |       |       |    41 |    24 |       |       |       ||    65
       Cutlass           |       |       |       |       |       |  1435 |   437 |  1040 |    90 ||  3002
       Flail             |       |       |       |       |       |    94 |   967 |   104 |    46 ||  1211
       Broad axe         |       |       |       |       |       |       |       |   164 |  1024 ||  1188
 Fire: Hunting sling     |       |    87 |   160 |   289 |   386 |   363 |   427 |    81 |    31 ||  1824
       Hand crossbow     |       |       |       |       |       |       |       |     2 |       ||     2
Throw: Dart              |     2 |       |       |       |       |     5 |     2 |       |       ||     9
       Stone             |       |       |       |     1 |     1 |     4 |     6 |       |       ||    12
       Throwing net      |       |       |       |       |       |     1 |       |       |       ||     1
 Cast: Poisonous Vapours |       |       |       |     6 |    90 |   104 |    94 |    33 |    18 ||   345
       Sandblast         |       |       |       |       |   102 |       |       |       |       ||   102
       Wereblood         |       |       |       |       |       |    20 |    40 |    58 |    43 ||   161
       Mephitic Cloud    |       |       |       |       |       |     2 |       |       |       ||     2
       Olgreb's Toxic Ra |       |       |       |       |       |    50 |    51 |    36 |    33 ||   170
       Stone Arrow       |       |       |       |       |       |     7 |    30 |     9 |    20 ||    66
       Borgnjor's Vile C |       |       |       |       |       |     3 |   252 |   142 |   108 ||   505
       Hailstorm         |       |       |       |       |       |     1 |     2 |     2 |       ||     5
       Freezing Cloud    |       |       |       |       |       |       |    10 |    28 |    10 ||    48
       Lee's Rapid Decon |       |       |       |       |       |       |    17 |     8 |       ||    25
       Ignite Poison     |       |       |       |       |       |       |     5 |    20 |    14 ||    39
       Frozen Ramparts   |       |       |       |       |       |       |       |    66 |    31 ||    97
       Passage of Golubr |       |       |       |       |       |       |       |       |     5 ||     5
Invok: Potion Petition   |       |       |       |     1 |     1 |       |     1 |       |       ||     3
       Call Merchant     |       |       |       |     1 |       |     4 |     1 |     3 |     1 ||    10
       Bribe Branch      |       |       |       |       |       |       |       |       |     3 ||     3
 Abil: Evoke Invisibilit |       |       |       |       |       |     1 |       |       |       ||     1
Evoke: Wand              |       |       |       |       |    20 |     3 |     1 |       |       ||    24
       Tin of tremorston |       |       |       |       |     2 |     6 |       |       |       ||     8
       Phial of floods   |       |       |       |       |       |     2 |       |       |       ||     2
  Use: Scroll            |       |     6 |    13 |     7 |     6 |    10 |     3 |     5 |     5 ||    55
       Potion            |       |       |     2 |       |     8 |     4 |     1 |     2 |     7 ||    24
 Stab: Distracted        |       |       |       |     5 |     5 |    21 |    10 |     5 |    25 ||    71
       Sleeping          |       |       |       |       |       |     3 |     5 |     4 |     3 ||    15
       Invisible         |       |       |       |       |       |     3 |       |       |       ||     3
       Confused          |       |       |       |       |       |     1 |       |       |       ||     1
Armor: Scale mail        |    66 |    42 |       |       |       |       |       |       |       ||   108
       Plate armour      |       |    15 |   277 |    90 |       |       |       |       |       ||   382
       Chain mail        |       |       |       |   389 |   431 |   975 |   601 |   323 |   565 ||  3284
Dodge: Dodged            |    63 |    28 |   114 |   282 |   490 |   881 |   355 |   291 |   476 ||  2980
Block: Buckler           |    48 |    20 |    74 |       |       |       |       |       |       ||   142
       Kite shield       |       |       |    97 |   618 |   732 |  1393 |   662 |   543 |   746 ||  4791
